 Dungeon Crawl Stone Soup version 0.27-a0-1548-gf8a67e7463 (webtiles) character file.

Game seed: 2572761223330356062

37 lunkers the Insei (level 3, 0/28 HPs)
             Began as a Djinni Warper on July 13, 2021.
             Slain by a jackal (2 damage)
             ... on level 2 of the Dungeon.
             The game lasted 00:01:40 (1790 turns).

lunkers the Insei (Djinni Warper)                   Turns: 1790, Time: 00:01:41

Health: 0/28       AC:  4    Str: 11    XL:     3   Next: 62%
Gold:   40         EV: 11    Int: 14    God:
                   SH:  0    Dex: 12

rFire    + + .     SeeInvis .     - Unarmed
rCold    x . .     Faith    .   (no shield)
rNeg     . . .     Spirit   .   a - +0 leather armour
rPois    ∞         Reflect  .   (no helmet)
rElec    .         Harm     .   (no cloak)
rCorr    .         Rampage  .   d - +0 pair of gloves
Will     .....                  (boots unavailable)
Stlth    +.........             (no amulet)
HPRegen  0.09/turn              (no ring)
MPRegen  0.00/turn              (no ring)

@: flying
A: sickness immunity, fire resistance 2, cold vulnerability 1, float, innate
caster, hp casting, extra vitality 1
a: no special abilities


You were on level 2 of the Dungeon.
You visited 1 branch of the dungeon, and saw 2 of its levels.

You collected 40 gold pieces.

Inventory:

Missiles
 c - 5 boomerangs of dispersal
 e - 48 stones (quivered)
Armour
 a - a +0 leather armour (worn)
 d - a +0 pair of gloves (worn)
Scrolls
 b - 2 scrolls of blinking
 f - a scroll of identify {unknown}
Potions
 g - a potion of heal wounds {unknown}
 h - 2 potions of might {unknown}
 i - a potion of curing {unknown}


   Skills:
 - Level 2.0 Fighting
 - Level 0.7 Throwing
 - Level 1.0 Armour
 - Level 2.1 Dodging
 * Level 3.7 Unarmed Combat
 - Level 2.4 Spellcasting


You couldn't memorise any spells.
You knew the following spells:

 Your Spells              Type           Power      Damage    Failure   Level
b - Lesser Beckoning      Tloc           4%         N/A       32%         3
c - Gell's Gravitas       Tloc           4%         N/A       32%         3
d - Teleport Other        Tloc           8%         N/A       32%         3
e - Manifold Assault      Tloc           8%         N/A       97%         5
p - Blink                 Tloc           N/A        N/A       17%         2
w - Apportation           Tloc           16%        N/A       11%         1
Your spell library was empty.

Dungeon Overview and Level Annotations

Branches:
Dungeon (2/15)

Altars:


Innate Abilities, Weirdness & Mutations

You are immune to sickness and miasma.
You are immune to poison.
Your flesh is very heat resistant. (rF++)
You are vulnerable to cold. (rC-)
You float through the air rather than walking.
You learn spells naturally, not from books.
Your magical power is your life essence.
You have superior vitality. (+4 HP)


Message History

No target in view!
e - 44 stones (gained 1)
You see here a +0 club.
e - 45 stones (gained 1)
Found a hand axe.
Found a stone staircase leading down.
e - 46 stones (gained 1)
e - 49 stones (gained 3)
You reach down and open the door. 2 jackals and a gnoll come into view.
The jackal barks!
You throw a stone. The stone closely misses the jackal.
The jackal barks!
The jackal closely misses you.
There are monsters nearby!
You closely miss the jackal.
The jackal bites you but does no damage.
The gnoll completely misses you.
There are monsters nearby!
You barely miss the jackal. The jackal misses you.
The gnoll closely misses you.
There are monsters nearby!
You hit the jackal.
The jackal is severely wounded.
The jackal barely misses you.
The gnoll hits you from afar with a +0 halberd.
The jackal bites you but does no damage.
There are monsters nearby!
You hit the jackal.
You kill the jackal!
The gnoll hits you from afar with a +0 halberd!
* * * LOW HITPOINT WARNING * * *
The jackal bites you but does no damage.
The jackal closely misses you.
The jackal bites you but does no damage.
There is a stone staircase leading up here.
The jackal closely misses you.
The gnoll hits you from afar with a +0 halberd!
* * * LOW HITPOINT WARNING * * *
The jackal bites you.
You die...

.. #.....#..###.........## ##
>###<......## ##.........## ##
.).......### ##.....##..# .#
####.......### ####.####.##
.######.........## #..###..#
...[.........##..#######..###.#
###.#####.)...##.....##.......#
#..##.....##.##.##.##.#
#+#+#P.##.gh@.##....#...#.#
#...†.........#####..._...#
#...#P..#.....# #.#...#.# #(.
#...####### #.##.##.# ##
##.......#### #.......#
#..##.##....## ##.####.#
#.###.#####..## #......# ##.#
#..# ##..###.###### #..# ##.#
##.....#


You could see a gnoll and a jackal.

Vanquished Creatures
  A worm (D:2)
  3 bats
  2 endoplasms
  3 hobgoblins (D:2)
  6 jackals
  3 kobolds
  4 quokkas (D:1)
  4 ball pythons (D:1)
  A goblin (D:1)
  4 rats
31 creatures vanquished.

Notes
Turn   | Place    | Note
-------+----------+-------------------------------------------
     0 | D:1      | lunkers the Djinni Warper began the quest for the Orb.
     0 | D:1      | Reached XP level 1. HP: 18/18 MP: 0/0
   375 | D:1      | Reached XP level 2. HP: 23/23 MP: 0/0
   598 | D:1      | Reached skill level 3 in Unarmed Combat
  1206 | D:2      | Reached XP level 3. HP: 26/28 MP: 0/0
  1206 | D:2      | Learned a level 1 spell: Apportation
  1237 | D:2      | Found a faded altar of an unknown god.
  1790 | D:2      | Slain by a jackal

Illustrated notes

Levels and vault maps discovered:
D:1:      lemuel_arrival_rhombus, layout_loops_ring,
          minmay_misc_feat_nine_boxes, minmay_unequal
D:2:      layout_rooms, ebering_ecumenical_altar_box, basic_altar,
          cheibrodos_gnoll_hut, uniq_jessica

Skill      XL: |  1  2 |
---------------+-------+-----
Unarmed Combat | 3 |  3.7
Fighting       | |  2.0
Throwing       | |  0.7
Armour         | |  1.0
Dodging        | |  2.1
Spellcasting   | |  2.4

Action                   || total
-------------------------++-------
Melee: Unarmed           ||   147
       Punch             ||     2
Throw: Stone             ||    49
Armor: Leather armour    ||    45
Dodge: Dodged            ||   101

Table legend: (Time is in decaauts)
 A = Elapsed time spent in this place.
 B = Non-inter-level travel time spent in this place.
 C = Inter-level travel time spent in this place.
 D = Time resting spent in this place.
 E = Time spent auto-exploring this place.
 F = Levels seen in this place.
 G = Mean time per level.
                   A        B        C        D        E       F      G
               +--------+--------+--------+--------+--------+-----+--------+
         Total |   1784 |   1771 |     13 |      0 |   1477 |   2 |  892.0 |
       Dungeon |   1784 |   1771 |     13 |      0 |   1477 |   2 |  892.0 |
               +--------+--------+--------+--------+--------+-----+--------+

Top non-repeatable levels by time:
     D:1: 1182 daAuts
     D:2: 602 daAuts
